 Dungeon Crawl Stone Soup version 0.20.0-15-g7f486f2 (webtiles) character file.

2321 dricus the Grappler (level 9, -9/81 HPs)
             Began as a Troll Monk on June 12, 2017.
             Was a Priest of Okawaru.
             Mangled by a two-headed ogre
             ... wielding a +0 giant club
              (19 damage)
             ... on level 7 of the Dungeon.
             The game lasted 00:12:56 (7425 turns).

dricus the Grappler (Troll Monk)                    Turns: 7425, Time: 00:12:57

Health: -9/81      AC:  7    Str: 26    XL:     9   Next: 19%
Magic:  8/8        EV: 11    Int:  7    God:    Okawaru [***...]
Gold:   341        SH:  0    Dex: 14    Spells: 8/8 levels left

rFire    . . .     SeeInvis .     - Unarmed
rCold    . . .     Gourm    +   (no shield)
rNeg     . . .     Faith    .   f - +2 robe
rPois    .         Spirit   .   (helmet restricted)
rElec    .         Reflect  .   (no cloak)
rCorr    +         Harm     .   (gloves unavailable)
MR       .....                  (boots unavailable)
Stlth    ++........             (no amulet)
Regen    0.7/turn               k - ring of resist corrosion
MPRegen  0.2/turn               r - +1 ring of evasion

@: mighty
A: unfitting armour, claws 3, fast metabolism 3, gourmand, regeneration 1,
shaggy fur 1, tough skin 2
a: Heroism, Renounce Religion


You were on level 7 of the Dungeon.
You worshipped Okawaru.
Okawaru was most pleased with you.
You were completely stuffed.

You visited 2 branches of the dungeon, and saw 9 of its levels.

You collected 341 gold pieces.

Inventory:

Hand Weapons
 a - a +2 hunting sling
Missiles
 o - 231 stones (quivered)
 u - 65 sling bullets
Armour
 f - a +2 robe (worn)
Jewellery
 k - a ring of resist corrosion (left claw)
 p - an uncursed ring of protection from magic {unknown}
 r - a +1 ring of evasion (right claw)
 G - an uncursed ring of magical power
 K - an uncursed ring of protection from magic {unknown}
Wands
 j - a wand of random effects (18/48)
 w - a wand of polymorph (10/24)
 y - a wand of polymorph (12/24)
 B - a wand of digging (16/24)
 F - a wand of acid (9/15)
 I - a wand of polymorph (16/24)
 N - a wand of iceblast (8/15)
Scrolls
 e - 3 scrolls of amnesia
 i - a scroll of fear {unknown}
 l - a scroll of fog {unknown}
 n - a scroll of remove curse
 q - 5 scrolls of teleportation
 t - 4 scrolls of magic mapping
 C - a scroll of immolation
Potions
 c - 3 potions of haste
 d - 2 potions of brilliance
 g - 2 potions of berserk rage
 m - a potion of invisibility {unknown}
 s - a potion of ambrosia
 v - 2 potions of might
 A - 2 potions of cancellation
 D - a potion of magic
 H - a potion of flight {unknown}
 J - a potion of curing {unknown}
 M - 2 potions of agility {unknown}
Books
 E - a book of Minor Magic

   Spells                             Type                      Level
   a - Magic Dart                     Conjuration                  1
   b - Blink                          Translocation                2
   c - Call Imp                       Summoning                    2
   d - Slow                           Hexes                        2
   e - Conjure Flame                  Conjuration/Fire             3
   f - Mephitic Cloud                 Conjuration/Poison/Air       3
Comestibles
 b - 9 bread rations
 h - 5 royal jellies
 x - a fruit
 z - 2 meat rations


   Skills:
 + Level 3.1 Fighting
 - Level 2.4 Dodging
 - Level 1.0 Stealth
 * Level 12.1 Unarmed Combat


You had 8 spell levels left.
You didn't know any spells.

Dungeon Overview and Level Annotations

Branches:
Dungeon (8/15)             Temple (1/1) D:4
   Lair: D:8-11

Altars:
Ashenzari
Cheibriados
Dithmenos
Elyvilon
Fedhas
Gozag
Hepliaklqana
Kikubaaqudgha
Makhleb
Nemelex Xobeh
Okawaru
Ru
Sif Muna
Trog
Vehumet
Xom
Yredelemnul
Zin
The Shining One

Shops:
D:7 =   D:8 *

Annotations:
D:8 2 transporters


Innate Abilities, Weirdness & Mutations

You are too large for most types of armour.
You have claws for hands.
Your metabolism is lightning-fast.
You like to eat raw meat.
Your natural rate of healing is unusually fast.
You are covered in fur. (AC +1)
You have very tough skin. (AC +2)


Message History

The two-headed ogre misses you.
The leopard gecko completely misses you.
There is a stone staircase leading up, spattered with blood here.
You mangle the two-headed ogre!!
The two-headed ogre is heavily wounded.
The leopard gecko bites you but does no damage.
The two-headed ogre hits you with a giant club!! x2
You are too injured to fight recklessly!
The leopard gecko misses you.
The two-headed ogre hits you with a giant club!!
* * * LOW HITPOINT WARNING * * *
The two-headed ogre closely misses you.
The leopard gecko bites you but does no damage.
You climb upwards.
There is a stone staircase leading down here.
Okay, then.
You feel very mighty all of a sudden. The leopard gecko barely misses you.
The two-headed ogre hits you with a giant club!!
You die...

#.............†...
#.#####........... #.#
#.#...#....) #.#
#.#.#....... #.#
#.#.######.. #.#
#.#.#####.#. #.#
#........... #l#
#.#.######## #@#####.#.##
#### ####.O........####...
#######.................###
#...........#####...#####..
#.#####.###.# ##.## #.# #.#
#.# #.# #.# #.. #.# #.# #.#
#.# ### #.# #.# #.#
#.######.. #.### #.# #.#
#...^..###


You could see a two-headed ogre and a leopard gecko.

Vanquished Creatures
  The ghost of maniacrov the Cleaver, a novice MiFi of Trog (D:7)
  A spriggan (D:7)
  A water moccasin (D:7)
  2 orc warriors (D:8)
  A sky beast (D:5)
  2 phantoms
  An ogre (D:5)
  A centaur (D:8)
  A big kobold (D:7)
  A bullfrog (D:8)
  A water moccasin skeleton (D:4)
  A crimson imp (D:4)
  A quasit (D:6)
  2 orc priests (D:8)
  A hound (D:4)
  2 bullfrog skeletons
  Terence (D:2)
  2 iguanas
  3 orc wizards
  3 worker ants
  A howler monkey zombie (D:5)
  12 gnolls
  A howler monkey skeleton (D:5)
  8 adders
  An ooze (D:4)
  An adder zombie (D:5)
  5 worms
  2 dart slugs
  8 leopard geckos
  20 orcs
  3 ball pythons
  10 bats
  4 giant cockroaches
  3 goblins
  8 hobgoblins
  16 jackals
  12 kobolds
  2 quokkas
  4 frilled lizards
  A leopard gecko skeleton (D:4)
  A quokka skeleton (D:5)
  5 rats
157 creatures vanquished.

Vanquished Creatures (others)
  5 dream sheep (D:5)
5 creatures vanquished.

Grand Total: 162 creatures vanquished

Notes
Turn   | Place    | Note
-------+----------+-------------------------------------------
     0 | D:1      | dricus the Troll Monk began the quest for the Orb.
     0 | D:1      | Reached XP level 1. HP: 22/22 MP: 0/0
   211 | D:1      | Reached XP level 2. HP: 29/29 MP: 1/1
   397 | D:1      | Reached skill level 4 in Unarmed Combat
   505 | D:1      | Reached XP level 3. HP: 33/36 MP: 2/2
   928 | D:2      | Reached XP level 4. HP: 42/44 MP: 3/3
   995 | D:2      | Reached skill level 5 in Unarmed Combat
  1285 | D:2      | Found a glowing golden altar of the Shining One.
  1343 | D:2      | Noticed Terence
  1402 | D:2      | Killed Terence
  1519 | D:2      | Found a burning altar of Makhleb.
  1572 | D:2      | Found a glowing silver altar of Zin.
  1594 | D:2      | Found a shadowy altar of Dithmenos.
  1725 | D:3      | Reached XP level 5. HP: 25/50 MP: 4/4
  1738 | D:3      | Reached skill level 6 in Unarmed Combat
  1788 | D:3      | Found a shimmering altar of Xom.
  1949 | D:3      | Found a radiant altar of Vehumet.
  2329 | D:4      | Reached XP level 6. HP: 46/59 MP: 5/5
  2476 | D:4      | Reached skill level 7 in Unarmed Combat
  2678 | D:4      | Reached skill level 8 in Unarmed Combat
  2678 | D:4      | Reached XP level 7. HP: 66/66 MP: 6/6
  2995 | D:4      | Found a staircase to the Ecumenical Temple.
  3055 | Temple   | Entered the Ecumenical Temple
  3383 | D:5      | Entered Level 5 of the Dungeon
  3702 | D:5      | Reached skill level 9 in Unarmed Combat
  3977 | D:5      | Found an iron altar of Okawaru.
  3986 | D:5      | Became a worshipper of Warmaster Okawaru
  3986 | D:5      | Reached * piety under Okawaru
  3986 | D:5      | Reached ** piety under Okawaru
  4243 | D:5      | Found a shimmering altar of Xom.
  4243 | D:5      | Noticed a dream sheep
  4243 | D:5      | Noticed a dream sheep
  4243 | D:5      | Noticed a dream sheep
  4243 | D:5      | Noticed a dream sheep
  4243 | D:5      | Noticed a dream sheep
  4248 | D:5      | Killed a dream sheep
  4248 | D:5      | Killed a dream sheep
  4250 | D:5      | Killed a dream sheep
  4251 | D:5      | Killed a dream sheep
  4251 | D:5      | Killed a dream sheep
  5802 | D:7      | Found Cenell's Jewellery Emporium.
  5819 | D:7      | Found an opulent altar of Gozag.
  5935 | D:7      | Found a shattered altar of Ashenzari.
  5991 | D:7      | Noticed a spriggan baker
  5996 | D:7      | Killed a spriggan baker
  5996 | D:7      | Reached skill level 10 in Unarmed Combat
  5996 | D:7      | Reached XP level 8. HP: 57/74 MP: 7/7
  6162 | D:7      | Noticed maniacrov's ghost (novice MiFi)
  6196 | D:7      | Killed maniacrov's ghost
  6196 | D:7      | Reached skill level 11 in Unarmed Combat
  6550 | D:7      | Reached *** piety under Okawaru
  6666 | D:8      | Reached XP level 9. HP: 25/80 MP: 8/8
  6836 | D:8      | Reached skill level 12 in Unarmed Combat
  6836 | D:8      | HP: 3/80 [orc warrior/halberd (14)]
  7078 | D:8      | Found a snail-covered altar of Cheibriados.
  7080 | D:8      | Noticed a manticore
  7080 | D:8      | Noticed a red ugly thing
  7082 | D:8      | Found a transporter.
  7086 | D:8      | Noticed a centaur warrior
  7093 | D:8      | Found a transporter.
  7328 | D:8      | Found Potaeluf's General Store.
  7343 | D:8      | Noticed a two-headed ogre
  7425 | D:7      | Mangled by a two-headed ogre

Skill      XL: |  1  2  3  4  5  6  7  8  9 |
---------------+----------------------------+-----
Unarmed Combat | 4 5 6 8 10 11 12 | 12.1
Fighting       | 3 |  3.1
Dodging        | |  2.4
Stealth        | |  1.0

Action                   |  1- 3 |  4- 6 |  7- 9 || total
-------------------------+-------+-------+-------++-------
Melee: Unarmed           |    90 |   194 |   179 ||   463
       Punch             |     2 |     1 |    11 ||    14
 Fire: Hunting sling     |     9 |    53 |    15 ||    77
Invok: Heroism           |       |       |     3 ||     3
Evoke: Wand              |       |       |     1 ||     1
  Use: Scroll            |     2 |     5 |    12 ||    19
       Potion            |       |       |     2 ||     2
 Stab: Sleeping          |     3 |     2 |       ||     5
  Eat: Chunk             |    14 |    16 |    43 ||    73
Armor: Robe              |    28 |    58 |    37 ||   123
       Skin              |       |     1 |       ||     1
Dodge: Dodged            |    38 |   116 |    93 ||   247
